 Dungeon Crawl Stone Soup version 0.25-a0-1056-g2efb326896 (webtiles) character file.

Game seed: 7276682094426433968, levelgen mode: deterministic

115552 Flugslaktarn the Severer (level 16, -11/150 HPs)
             Began as a Deep Dwarf Fighter on May 13, 2020.
             Was the Champion of Makhleb.
             Mangled by an emperor scorpion (25 damage)
             ... on level 4 of the Spider Nest.
             The game lasted 00:17:55 (19261 turns).

Flugslaktarn the Severer (Deep Dwarf Fighter)      Turns: 19261, Time: 00:17:55

Health: -11/150    AC: 19    Str: 24 (25) XL:     16   Next: 18%
Magic:  3/3        EV: 11    Int: 14      God:    Makhleb [******]
Gold:   3283       SH: 14    Dex: 14      Spells: 15/15 levels left

rFire    . . .     SeeInvis +   z - +7 broad axe (elec)
rCold    + . .     Gourm    .   h - +1 kite shield
rNeg     + . .     Faith    +   O - +0 plate armour
rPois    +         Spirit   .   N - +1 helmet {SInv}
rElec    .         Reflect  .   G - +0 cloak
rCorr    .         Harm     .   y - +1 pair of gloves {Str+3}
MR       ++...                  T - +1 pair of boots
Stlth    ..........             J - amulet of faith
HPRegen  0.00/turn              p - +2 ring of protection
MPRegen  0.08/turn              o - ring of poison resistance

@: corroded, non-regenerating
A: damage resistance, heal wounds, clever 1, cold resistance 1, deterioration 1,
negative energy resistance 1, sense surroundings 2, no regeneration
a: Heal Wounds, Minor Destruction, Lesser Servant of Makhleb, Major Destruction,
Greater Servant of Makhleb, Renounce Religion


You were on level 4 of the Spider Nest.
You worshipped Makhleb.
Makhleb was exalted by your worship.
You were not hungry.

You visited 4 branches of the dungeon, and saw 26 of its levels.
You also visited: Gauntlet.

You collected 3283 gold pieces.

Inventory:

Hand Weapons
 a - a +1 war axe
 z - a +7 broad axe of electrocution (weapon)
   (You acquired it on level 4 of the Spider Nest)
 S - the +8 war axe "Arreth" {holy, rElec rPois rN+}
   (You found it on level 15 of the Dungeon)

   It has been blessed by the Shining One to cause great damage to the undead
   and demons.
   It insulates you from electricity.
   It protects you from poison.
   It protects you from negative energy.
Armour
 g - a +2 helmet
   (You found it on level 1 of the Dungeon)
 h - a +1 kite shield (worn)
 y - a +1 pair of gloves of strength (worn)
   (You found it in a Gauntlet)
 G - a +0 cloak (worn)
   (You found it on level 10 of the Dungeon)
 N - a +1 helmet of see invisible (worn)
   (You found it on level 13 of the Dungeon)
 O - a +0 plate armour (worn)
   (You took it off an orc warrior on level 6 of the Dungeon)
 Q - a +2 pair of gloves
   (You found it on level 10 of the Dungeon)
 T - a +1 pair of boots (worn)
   (You found it on level 15 of the Dungeon)
Jewellery
 c - an uncursed ring of protection from cold
   (You found it on level 4 of the Dungeon)
 k - an uncursed ring of resist corrosion
   (You found it on level 13 of the Dungeon)
 l - an uncursed ring of fire
   (You found it on level 3 of the Dungeon)
 m - an uncursed ring of protection from magic
   (You found it in a Gauntlet)
 o - a ring of poison resistance (right hand)
   (You found it on level 4 of the Dungeon)
 p - a +2 ring of protection (left hand)
   (You found it on level 4 of the Dungeon)
 J - an amulet of faith (around neck)
   (You acquired it on level 12 of the Dungeon)
Wands
 u - a wand of paralysis (28)
   (You found it on level 9 of the Dungeon)
 E - a wand of enslavement (6)
   (You found it on level 3 of the Lair of Beasts)
 H - a wand of digging (11)
   (You took it off Ijyb on level 5 of the Dungeon)
 L - a wand of iceblast (3)
   (You found it in a Gauntlet)
Scrolls
 f - 7 scrolls of magic mapping
 n - 2 scrolls of silence
 r - 3 scrolls of identify
 s - 2 scrolls of fog
 t - 4 scrolls of teleportation
 x - 13 scrolls of remove curse
 I - 3 scrolls of fear
 M - a scroll of vulnerability
 P - a scroll of immolation
 V - a scroll of enchant armour
Potions
 b - 2 potions of magic
 d - 3 potions of might
 i - 2 potions of flight
 j - 3 potions of cancellation
 q - 9 potions of curing
 v - 3 potions of berserk rage {unknown}
 w - 3 potions of heal wounds
 A - a potion of invisibility
 B - a potion of brilliance {unknown}
 C - a potion of ambrosia
 K - a potion of haste {unknown}
 R - a potion of mutation
 U - a potion of resistance {unknown}
Miscellaneous
 F - a tin of tremorstones (3/3)
   (You found it on level 5 of the Lair of Beasts)
Comestibles
 e - 40 rations


   Skills:
 + Level 11.2 Fighting
 + Level 16.9 Axes
 + Level 13.0 Armour
 + Level 7.4 Dodging
 + Level 13.0 Shields
 - Level 15.0 Invocations
 - Level 6.0 Evocations


You had 15 spell levels left.
You didn't know any spells.
Your spell library was empty.

Dungeon Overview and Level Annotations

Branches:
Dungeon (15/15)            Temple (1/1) D:5            Lair (6/6) D:8
  Swamp (0/4) Lair:4       Spider (4/4) Lair:2        Slime (0/5) Lair:6
    Orc (0/2) D:9          Vaults (0/5) D:14         Depths (0/5) D:15
Gauntlet (visited)

Altars:
Ashenzari
Cheibriados
Dithmenos
Elyvilon
Fedhas
Gozag
Hepliaklqana
Kikubaaqudgha
Makhleb
Nemelex Xobeh
Okawaru
Qazlal
Ru
Sif Muna
Trog
Uskayaw
Vehumet
Wu Jian
Xom
Yredelemnul
Zin
The Shining One
Jiyva

Shops:
D:4 !

Annotations:
D:13 3 runed translucent doors, Yorgos's ghost, journeyman GnFi


Innate Abilities, Weirdness & Mutations

You are resistant to damage.
You can heal yourself by infusing magical energy.
You resist negative energy. (rN+)
You passively map the area around you.
You do not regenerate.
Your mind is acute. (Int +2)
Your flesh is cold resistant. (rC+)
Your body sometimes deteriorates upon taking damage.


Message History

The tarantella moves out of view.
A demon appears!
The redback closely misses your balrug. You block the redback's attack.
The emperor scorpion stings you!
* * * LOW HITPOINT WARNING * * *
The emperor scorpion completely misses you.
The emperor scorpion claws you.
The redback bites you but does no damage.
The redback closely misses your balrug.
You feel much better. The tarantella bites your balrug.
Your balrug appears confused.
The redback closely misses you. The emperor scorpion stings you!!
* * * LOW HITPOINT WARNING * * *
Your body deteriorates!
You feel weakened.
You block the emperor scorpion's attack. x2
The redback bites you!
* * * LOW HITPOINT WARNING * * *
The redback barely misses your balrug.
The redback bites you but does no damage.
The emperor scorpion stings you!!
You die...

,, #... ### ##### , *
... ##.####.#.. * *
###y. #...#^#)... ,
...^* ###.......##
*#.s#*#####^#^..#.#...
* ..###.#.#...#.###..#
##s.#....#...### #..#
#ss####....### ####
**##2s@...#..# * *
,#.^ss..#####
s....#^#### *,
#s^..### ###.. , ### ,
* * * , ,,


You could see an emperor scorpion (berserk), a wolf spider (fleeing), a
tarantella (fleeing), 4 redbacks and a friendly balrug (summoned, confused).

Vanquished Creatures
  An emperor scorpion (Spider:1)
  An ironheart preserver (D:14)
  3 entropy weavers
  A minotaur (Gauntlet)
  2 hydras
  A rakshasa (D:12)
  A death knight (D:15)
  A merfolk avatar (Lair:6)
  6 death yaks
  5 centaur warriors
  An ogre mage (D:14)
  2 queen ants
  10 two-headed ogres
  A tengu warrior (D:14)
  A fire crab (D:13)
  2 sea snakes (Lair:6)
  A skeletal warrior (D:15)
  3 wizards
  2 phantasmal warriors (D:15)
  A necromancer (D:15)
  A harpy (Lair:6)
  6 wolf spiders
  2 orb spiders (Spider:4)
  An orc knight (D:13)
  2 manticores
  A wolf spider zombie (D:15)
  An orc sorcerer (D:15)
  5 ugly things
  3 cyclopes
  14 elephants
  2 centaur zombies
  2 moths of wrath (Spider:4)
  Joseph (D:9)
  8 centaur skeletons
  A naga mage (D:15)
  A molten gargoyle (Lair:2)
  7 black mambas
  Psyche (D:9)
  9 spiny frogs
  3 torpor snails
  2 kobold demonologists (D:15)
  4 rime drakes
  A demonic crawler (Spider:1)
  8 komodo dragons
  2 efreet
  A tengu conjurer (D:14)
  A queen bee (Lair:5)
  5 hornets (Lair:6)
  3 polar bears (Lair:6)
  9 trolls
  A wind drake (Lair:6)
  5 jumping spiders
  3 meliai (Lair:5)
  10 blink frogs
  A harpy skeleton (D:15)
  4 hippogriffs
  11 dream sheep
  15 slime creatures
  14 flying skulls (Gauntlet)
  4 water elementals (D:15)
  54 yaks
  A shadow (D:15)
  23 redbacks
  A vampire (D:14)
  5 basilisks
  4 tarantellas
  10 wyverns
  3 wraiths
  A hungry ghost (D:12)
  Grum (D:9)
  Edmund (D:4)
  5 vampire mosquitoes
  2 acid dragons
  22 soldier ants
  20 water moccasins
  5 porcupines
  A hornet zombie (D:15)
  24 orc warriors
  4 ice beasts
  Duvessa (D:7)
  3 black bears
  3 phantoms
  8 sky beasts
  12 ogres
  17 wolves
  2 necrophages
  14 centaurs
  7 crocodiles
  7 big kobolds
  17 bullfrogs
  2 wyvern zombies
  Dowan (D:7)
  2 gnoll sergeants (D:9)
  4 scorpions
  A wyvern skeleton (D:13)
  33 killer bees
  3 wights (D:6)
  5 electric eels
  9 crimson imps
  8 jellies
  2 bullfrog skeletons
  17 orc priests
  5 hounds
  16 orc wizards
  Ijyb (D:5)
  5 iguanas
  29 worker ants
  A hound zombie (D:7)
  2 hound skeletons
  2 worker ant zombies (D:6)
  A howler monkey zombie (D:5)
  7 gnolls
  3 howler monkey skeletons
  9 adders
  A river rat (Lair:5)
  4 shadow imps
  8 oozes
  A worm (D:6)
  A dart slug (D:3)
  2 leopard geckos
  104 orcs
  A giant cockroach (D:3)
  4 goblins
  3 hobgoblins
  9 jackals
  9 kobolds
  2 quokkas
  7 bats
  A leopard gecko zombie (D:6)
  A quokka zombie (D:5)
  3 rats
  3 fungi
  3 plants
834 creatures vanquished.

Vanquished Creatures (collateral kills)
  An ogre mage (D:13)
  7 hydras
  A death yak (Lair:5)
  A fire crab (Lair:5)
  A centaur skeleton (D:13)
  A komodo dragon (Lair:3)
  A troll (D:11)
  8 yaks
  A vampire mosquito (D:13)
  A water moccasin (Lair:5)
  2 wolves (Lair:3)
  A wolf (shapeshifter) (D:13)
  An orc wizard (D:11)
  An adder (D:11)
28 creatures vanquished.

Vanquished Creatures (others)
  A bush (Lair:5)
  3 fungi (Lair:5)
  19 plants
23 creatures vanquished.

Grand Total: 885 creatures vanquished

Notes
Turn   | Place    | Note
-------+----------+-------------------------------------------
     0 | D:1      | Flugslaktarn the Deep Dwarf Fighter began the quest for the
                  | Orb.
     0 | D:1      | Reached XP level 1. HP: 20/20 MP: 1/1
   281 | D:2      | Reached XP level 2. HP: 27/27 MP: 2/2
   295 | D:2      | Reached skill level 3 in Axes
   295 | D:2      | Reached XP level 3. HP: 29/33 MP: 3/3
   523 | D:3      | Found a faded altar of an unknown god.
   537 | D:2      | Reached XP level 4. HP: 18/42 MP: 4/4
   563 | D:3      | Noticed a phantom
   595 | D:3      | Killed a phantom
   595 | D:3      | Reached skill level 4 in Axes
   595 | D:3      | Reached XP level 5. HP: 24/49 MP: 5/5
   750 | D:3      | Reached XP level 6. HP: 51/57 MP: 6/6
   818 | D:3      | Found a shimmering altar of Xom.
   926 | D:3      | Reached skill level 5 in Axes
  1165 | D:4      | Noticed Edmund
  1199 | D:4      | Killed Edmund
  1199 | D:4      | Reached skill level 5 in Armour
  1199 | D:4      | Reached skill level 5 in Shields
  1199 | D:4      | Reached XP level 7. HP: 22/64 MP: 5/5
  1478 | D:4      | Reached skill level 6 in Axes
  1793 | D:4      | Found Eplin's Distillery.
  2138 | D:5      | Entered Level 5 of the Dungeon
  2281 | D:5      | Noticed Ijyb
  2317 | D:5      | Killed Ijyb
  2410 | D:5      | Found a staircase to the Ecumenical Temple.
  2458 | Temple   | Entered the Ecumenical Temple
  2557 | Temple   | Became a worshipper of Makhleb the Destroyer
  2623 | D:5      | Reached XP level 8. HP: 53/73 MP: 5/5
  2650 | D:5      | Reached skill level 1 in Invocations
  2911 | D:6      | Reached skill level 7 in Axes
  3051 | D:6      | Reached skill level 5 in Fighting
  3287 | D:6      | Reached skill level 8 in Axes
  3308 | D:6      | Reached * piety under Makhleb
  3529 | D:7      | Gained mutation: You passively map the area around you.
                  | [Deep Dwarf growth]
  3529 | D:7      | Reached XP level 9. HP: 78/81 MP: 8/8
  3770 | D:7      | Noticed Duvessa
  3770 | D:7      | Noticed Dowan
  3790 | D:7      | Killed Duvessa
  3792 | D:7      | Killed Dowan
  3865 | D:7      | Reached ** piety under Makhleb
  3891 | D:7      | Reached skill level 9 in Axes
  4156 | D:8      | Noticed a death yak
  4156 | D:8      | Noticed a death yak
  4156 | D:8      | Noticed a death yak
  4161 | D:8      | Noticed a death yak
  4164 | D:8      | Noticed a death yak
  4211 | D:7      | Killed a death yak
  4211 | D:7      | Reached skill level 5 in Invocations
  4219 | D:7      | Killed a death yak
  4219 | D:7      | Reached XP level 10. HP: 30/91 MP: 5/7
  4322 | D:8      | Gained mutation: Your flesh is cold resistant. (rC+)
                  | [potion of mutation]
  4322 | D:8      | Gained mutation: You are occasionally teleported next to
                  | monsters. [potion of mutation]
  4322 | D:8      | Gained mutation: You have large cloven feet. [potion of
                  | mutation]
  4322 | D:8      | Gained mutation: You are agile. (Dex +2) [potion of
                  | mutation]
  4335 | D:8      | Reached skill level 10 in Axes
  4342 | D:8      | Killed a death yak
  4345 | D:8      | Killed a death yak
  4350 | D:8      | Killed a death yak
  4362 | D:8      | Lost mutation: You have large cloven feet. [potion of
                  | mutation]
  4362 | D:8      | Lost mutation: You are agile. (Dex +2) [potion of mutation]
  4362 | D:8      | Lost mutation: You are occasionally teleported next to
                  | monsters. [potion of mutation]
  4362 | D:8      | Gained mutation: Your body sometimes deteriorates upon
                  | taking damage. [potion of mutation]
  4362 | D:8      | Gained mutation: Your mind is acute. (Int +2) [potion of
                  | mutation]
  4388 | D:8      | Found a staircase to the Lair.
  4736 | D:8      | Reached skill level 11 in Axes
  4737 | D:8      | Found an ancient bone altar of Kikubaaqudgha.
  4904 | D:9      | Reached *** piety under Makhleb
  4926 | D:9      | Noticed Psyche
  4937 | D:9      | Killed Psyche
  4971 | D:9      | Noticed Grum
  4990 | D:9      | Reached XP level 11. HP: 56/100 MP: 7/7
  5002 | D:9      | Killed Grum
  5188 | D:9      | Noticed Joseph
  5223 | D:9      | Killed Joseph
  5276 | D:9      | Noticed a two-headed ogre
  5288 | D:9      | Killed a two-headed ogre
  5677 | D:9      | Found a staircase to the Orcish Mines.
  5722 | D:9      | Reached **** piety under Makhleb
  5808 | D:10     | Entered Level 10 of the Dungeon
  5844 | D:10     | Reached skill level 12 in Axes
  6396 | Lair:1   | Entered Level 1 of the Lair of Beasts
  6605 | Lair:1   | Noticed a death yak
  6638 | Lair:1   | Killed a death yak
  6820 | Lair:1   | Reached XP level 12. HP: 110/110 MP: 6/6
  7492 | Lair:2   | Reached skill level 13 in Axes
  7506 | Lair:2   | Reached ***** piety under Makhleb
  7663 | Lair:2   | Found a hole to the Spider Nest.
  7720 | Lair:2   | Reached skill level 10 in Armour
  7773 | Lair:2   | Reached skill level 10 in Shields
  7789 | Lair:2   | Reached skill level 10 in Invocations
  8221 | Lair:3   | Noticed a four-headed hydra
  8278 | Lair:3   | Killed a 14-headed hydra
  9365 | Lair:4   | Found a staircase to the Swamp.
  9567 | Lair:4   | Reached skill level 14 in Axes
  9587 | Lair:4   | Noticed an eight-headed hydra
  9592 | Lair:4   | Reached XP level 13. HP: 81/121 MP: 6/6
 10895 | Lair:5   | Reached skill level 1 in Evocations
 11266 | Lair:5   | Noticed an entropy weaver
 11269 | Lair:5   | Reached skill level 5 in Evocations
 11317 | Lair:5   | Noticed an entropy weaver
 11332 | Lair:5   | Killed an entropy weaver
 11426 | Lair:5   | Reached skill level 1 in Dodging
 11443 | Lair:5   | Killed an entropy weaver
 11960 | Lair:6   | Entered Level 6 of the Lair of Beasts
 11973 | Lair:6   | Reached skill level 5 in Dodging
 11992 | Lair:6   | Found a viscous altar of Jiyva.
 12075 | Lair:6   | Found a staircase to the Slime Pits.
 12119 | Lair:6   | Gained mutation: You resist negative energy. (rN+) [Deep
                  | Dwarf growth]
 12119 | Lair:6   | Reached XP level 14. HP: 39/129 MP: 4/4
 12155 | Lair:6   | Reached skill level 15 in Axes
 12483 | Lair:6   | Reached skill level 10 in Fighting
 13178 | D:11     | Found an opulent altar of Gozag.
 13942 | D:12     | Identified 2 scrolls of acquirement
 13943 | D:12     | Identified the ring "Piluymyrr" {rN+ MR+} (You acquired it
                  | on level 12 of the Dungeon)
 14068 | D:12     | Reached ****** piety under Makhleb
 14115 | D:12     | Found a gate leading to a gauntlet.
 14138 | Gauntlet | Entered a Gauntlet
 14138 | Gauntlet | Found a transporter.
 14138 | Gauntlet | Found a transporter.
 14160 | Gauntlet | Found a transporter.
 14161 | Gauntlet | Found a transporter.
 14168 | Gauntlet | Found a transporter.
 14172 | Gauntlet | Found a transporter.
 14178 | Gauntlet | Found a runed translucent gate.
 14178 | Gauntlet | Found a runed translucent gate.
 14178 | Gauntlet | Found a runed translucent gate.
 14180 | Gauntlet | Found a transporter.
 14196 | Gauntlet | Found a transporter.
 14210 | Gauntlet | Found a transporter.
 14214 | Gauntlet | Found a transporter.
 14223 | Gauntlet | Found a transporter.
 14226 | Gauntlet | Found a transporter.
 14368 | Gauntlet | Reached skill level 16 in Axes
 15327 | D:13     | Reached XP level 15. HP: 72/140 MP: 3/3
 15622 | D:13     | Found a runed translucent gate.
 16154 | D:13     | Found a runed translucent gate.
 16154 | D:13     | Found a runed translucent gate.
 16157 | D:13     | Noticed Yorgos's ghost (journeyman GnFi)
 16723 | D:14     | Found a sparkling altar of Nemelex Xobeh.
 16998 | D:14     | Found a shadowy altar of Dithmenos.
 17127 | D:14     | Found a gate to the Vaults.
 17632 | D:15     | Entered Level 15 of the Dungeon
 17790 | D:15     | Reached skill level 15 in Invocations
 17975 | D:15     | Got a twisted war axe
 17976 | D:15     | Identified the +8 war axe "Arreth" {holy, rElec rPois rN+}
                  | (You found it on level 15 of the Dungeon)
 18421 | D:15     | Found a glowing golden altar of the Shining One.
 18543 | D:15     | Found a staircase to the Depths.
 18859 | Spider:1 | Entered Level 1 of the Spider Nest
 18942 | Spider:1 | Reached XP level 16. HP: 130/150 MP: 3/3
 19101 | Spider:4 | Entered Level 4 of the Spider Nest
 19261 | Spider:4 | Mangled by an emperor scorpion

Illustrated notes

Levels and vault maps discovered:
D:1:      kilobyte_arrival_exit_the_forest, layout_loops_cross
D:2:      layout_loops_corners, minmay_tromino_i4
D:3:      layout_rooms, chequers_ecumenical_altar_simple_redux, tgw_xom
D:4:      layout_basic, serial_shops, kennysheep_mini, first_ration, uniq_edmund
D:5:      layout_basic, minmay_temple_entry_statues, uniq_ijyb
D:6:      layout_rooms, nrook_mini_vaults, lightli_orcish_oven
D:7:      layout_cave_pools, uniq_duvessa
D:8:      layout_cave_pools, kiku_gazebo_pond_becter, dpeg_lair_monsters
D:9:      layout_irregular_city, kennysheep_orc_monster_closet_entryway,
          uniq_psyche, uniq_joseph, uniq_grum
D:10:     layout_rooms
D:11:     layout_loops_ring, basic_altar, special_room [special_room_orc],
          hangedman_little_slice_of_home, kennysheep_decorative_pillar
D:12:     layout_irregular_city, gauntlet_entry_generic, serial_column_ruins,
          column_ruins_square_medium, column_ruins_circle_large,
          column_ruins_open_medium, column_ruins_corridor_straight,
          column_ruins_corridor_T, column_ruins_open_small,
          column_ruins_open_small
D:13:     minmay_stepped, layout_rooms, special_room [special_room_orc],
          gammafunk_ghost_nasty_kobolds
D:14:     layout_stronghold, skrybe_vaults_entry_preservation,
          nicolae_dithmenos_shadow_blocks, nemelex_altar_shiori
D:15:     grunt_enter_depths_magical_seal, layout_basic,
          minmay_misc_feat_encased, nicolae_two_hexagons,
          nicolae_tso_carved_into_rock
Temple:   kilobyte_greek_temple
Lair:1:   layout_hall_layers, minmay_shattered_shrine
Lair:2:   layout_gridlike, spider_nest_entry_webs
Lair:3:   layout_cave_pods
Lair:4:   layout_cellular_growth, swamp_mist_pool, grunt_forest_small_clearings,
          grunt_megastairs_5
Lair:5:   regret_index_wax_grids, layout_regular_city, serial_forest,
          infiniplex_forest_lined_2, infiniplex_forest_clump_curved,
          infiniplex_forest_end_2, infiniplex_forest_lined_room_2,
          infiniplex_forest_lined_room_3, infiniplex_forest_corner_2,
          infiniplex_forest_join, infiniplex_forest_clump_cross,
          zaba_antful_of_joy
Lair:6:   gammafunk_lair_ancient_temple, layout_small_grid, slime_altar_1,
          serial_bayou_shore_b, grunt_megastairs_2
Spider:1: layout_spider_delve
Spider:2: layout_spider_delve
Spider:3: layout_chambers, drop_trap, uniq_arachne
Spider:4: grunt_spider_rune_circles, uniq_roxanne

Skill      XL: |  1  2  3  4  5  6  7  8  9 10 11 12 13 14 15 16 |
---------------+-------------------------------------------------+-----
Axes           | 3 4 5 6 8 9 11 12 14 16 | 16.9
Fighting       | 3 4 5 6 7 8 9 10 11 | 11.2
Armour         | 4 5 6 7 8 9 10 11 12 13 | 13.0
Shields        | 4 5 6 7 8 9 10 11 12 13 | 13.0
Invocations    | 3 5 7 9 10 11 15 | 15.0
Evocations     | 6 |  6.0
Dodging        | 6 7 |  7.4

Action                   |  1- 3 |  4- 6 |  7- 9 | 10-12 | 13-15 | 16-18 || total
-------------------------+-------+-------+-------+-------+-------+-------++-------
Melee: War axe           |    68 |   186 |   406 |   984 |  2277 |    65 ||  3986
       Kick              |       |       |       |     3 |       |       ||     3
       Broad axe         |       |       |       |       |       |    56 ||    56
Invok: Lesser Servant of |       |       |       |     7 |    17 |       ||    24
       Greater Servant o |       |       |       |       |       |     1 ||     1
 Abil: Heal Wounds       |       |     9 |    22 |    28 |    23 |     1 ||    83
Evoke: Tin of tremorston |       |       |       |       |    11 |       ||    11
       Wand              |       |       |       |       |     7 |       ||     7
  Use: Potion            |       |     2 |     1 |     5 |     1 |     3 ||    12
       Scroll            |       |       |     8 |    17 |    11 |     8 ||    44
 Stab: Paralysed         |       |       |       |       |    13 |       ||    13
       Invisible         |       |       |       |       |     2 |       ||     2
       Distracted        |       |       |       |       |     1 |       ||     1
  Eat: Chunk             |       |     2 |     6 |    15 |    30 |       ||    53
       Ration            |       |       |     2 |       |     2 |     1 ||     5
Armor: Scale mail        |    65 |    86 |    58 |       |       |       ||   209
       Chain mail        |       |       |   147 |   217 |       |       ||   364
       Skin              |       |       |       |    35 |       |       ||    35
       Plate armour      |       |       |       |   380 |  1367 |    88 ||  1835
Dodge: Dodged            |    33 |    63 |    97 |   236 |   729 |    56 ||  1214
Block: Kite shield       |    68 |    98 |   265 |   788 |  1572 |   102 ||  2893

Table legend:
 A = Non-vault XP
 B = Vault XP
 C = Vault XP percentage of total XP
 D = Non-vault monster count
 E = Vault monster count
 F = Vault count percentage of total count
                 A         B        C        D         E       F
            +---------+---------+-------+---------+---------+-------
      Total |   98325 |   66750 |  40.4 |     549 |     307 |  35.9
            +---------+---------+-------+---------+---------+-------
        D:1 |       6 |       0 |   0.0 |       4 |       0 |   0.0
        D:2 |     101 |      18 |  15.1 |      14 |       4 |  22.2
        D:3 |     378 |      38 |   9.1 |      30 |       6 |  16.7
        D:4 |     259 |     173 |  40.0 |       7 |       1 |  12.5
        D:5 |     573 |      38 |   6.2 |      15 |       1 |   6.2
        D:6 |     838 |     148 |  15.0 |      19 |       6 |  24.0
        D:7 |    1323 |    1966 |  59.8 |      40 |       4 |   9.1
        D:8 |     880 |    2919 |  76.8 |      19 |       4 |  17.4
        D:9 |    3751 |    2857 |  43.2 |      35 |      25 |  41.7
       D:10 |    1708 |       0 |   0.0 |      19 |       0 |   0.0
       D:11 |    4292 |    1104 |  20.5 |      24 |      34 |  58.6
       D:12 |    5324 |       0 |   0.0 |      40 |       0 |   0.0
       D:13 |    6808 |    4753 |  41.1 |      31 |      32 |  50.8
       D:14 |   15958 |    3738 |  19.0 |      37 |       9 |  19.6
       D:15 |   13099 |    4896 |  27.2 |      47 |      10 |  17.5
     Lair:1 |    3911 |    3160 |  44.7 |      22 |      11 |  33.3
     Lair:2 |    3608 |     436 |  10.8 |      15 |       2 |  11.8
     Lair:3 |    7159 |       0 |   0.0 |      36 |       0 |   0.0
     Lair:4 |    3230 |    1524 |  32.1 |      12 |       7 |  36.8
     Lair:5 |    3374 |   15430 |  82.1 |      14 |      88 |  86.3
     Lair:6 |    6188 |   14719 |  70.4 |      27 |      37 |  57.8
   Spider:1 |    5934 |       0 |   0.0 |      14 |       0 |   0.0
   Spider:2 |    2834 |       0 |   0.0 |      11 |       0 |   0.0
   Spider:4 |    6789 |       0 |   0.0 |      17 |       0 |   0.0
   Gauntlet |       0 |    8833 | 100.0 |       0 |      26 | 100.0
            +---------+---------+-------+---------+---------+-------
